 Dungeon Crawl Stone Soup version 0.29-a0-231-g945431f764 (webtiles) character file.

Game seed: 14428120956356771661

2655 siradein the Fighter (level 9, -8/81 HPs)
             Began as a Ghoul Monk on Feb 28, 2022.
             Was a Believer of Makhleb.
             Mangled by a boulder beetle (29 damage)
             ... on level 7 of the Dungeon.
             The game lasted 00:20:04 (8181 turns).

siradein the Fighter (Ghoul Monk)                   Turns: 8181, Time: 00:20:04

Health: -8/81      AC: 12    Str: 15    XL:     9   Next: 62%
Magic:  12/12      EV: 12    Int:  5    God:    Makhleb [**....]
Gold:   223        SH:  0    Dex: 15    Spells: 8/8 levels left

rFire   . . .      SeeInvis +     - Unarmed
rCold   + + .      Faith    .   (no shield)
rNeg    + + +      Spirit   .   j - +0 scale mail
rPois   ∞          Reflect  .   C - +0 helmet {SInv}
rElec   .          Harm     .   (no cloak)
rCorr   .          Rampage  .   (no gloves)
Will    .....                   D - +0 pair of boots
Stlth   +.........              (no amulet)
HPRegen 0.00/turn               h - +4 ring of protection
MPRegen 0.13/turn               x - ring of Ceurhuy {Fly rC+}

@: flying, inhibited regen
A: claws 1, cold resistance 1, negative energy resistance 3, inhibited
regeneration, torment resistance 2
a: Renounce Religion, Minor Destruction


You were on level 7 of the Dungeon.
You worshipped Makhleb.
Makhleb was pleased with you.
You visited 1 branch of the dungeon, and saw 7 of its levels.
You also visited: Sewer.

You collected 545 gold pieces.
You spent 322 gold pieces at shops.

Inventory:

Missiles
 n - 37 poisoned darts (quivered)
Armour
 j - a +0 scale mail (worn)
 C - a +0 helmet of see invisible (worn)
 D - a +0 pair of boots (worn)
Jewellery
 f - the ring of Coho {Drain rPois rF++ MP+9 Stlth+}
   (You bought it in a shop on level 2 of the Dungeon)

   [ring of magical power]

   rF:        It greatly protects you from fire.
   rPois:     It protects you from poison.
   MP:        It affects your magic capacity (+9).
   Drain:     It drains your maximum health when unequipped.
   Stlth:     It makes you more stealthy.
 h - a +4 ring of protection (left claw)
 x - the ring of Ceurhuy (right claw) {Fly rC+}
   (You found it in a sewer)

   [ring of flight]

   rC:        It protects you from cold.
   Fly:       It grants you flight.
 z - a ring of fire
Wands
 c - a wand of acid (6)
 g - a wand of digging (2)
 E - a wand of paralysis (12)
Scrolls
 b - 3 scrolls of enchant armour
 e - 3 scrolls of teleportation {unknown}
 i - a scroll of vulnerability {unknown}
 k - 5 scrolls of immolation {unknown}
 l - a scroll of fog {unknown}
 p - 3 scrolls of blinking {unknown}
 u - 2 scrolls of enchant weapon {unknown}
 w - a scroll of summoning {unknown}
 y - a scroll of noise {unknown}
 A - a scroll of amnesia {unknown}
 B - a scroll of fear
Potions
 a - 2 potions of heal wounds
 d - a potion of resistance
 m - 2 potions of might
 o - a potion of mutation {unknown}
 r - 2 potions of magic {unknown}
 s - a potion of invisibility
 t - a potion of experience {unknown}
 v - a potion of haste {unknown}


   Skills:
 + Level 8.1 Fighting
 + Level 6.7 Dodging
 - Level 2.1 Stealth
 + Level 8.1 Unarmed Combat
 + Level 5.6 Invocations


You had 8 spell levels left.
You didn't know any spells.
Your spell library contained the following spells:

 Spells                   Type           Power      Damage    Failure   Level
 Summon Forest            Summ/Tloc      0%         N/A       100%        5
 Summon Mana Viper        Hex/Summ       0%         N/A       100%        5
 Summon Cactus Giant      Summ           0%         N/A       100%        6


Dungeon Overview and Level Annotations

Branches:
Dungeon (7/15)              Sewer (visited)
 Temple: D:4-7

Altars:
Fedhas
Okawaru
Qazlal
Vehumet

Shops:
D:1 =:[*   D:2 ?*   D:5 (


Innate Abilities, Weirdness & Mutations

You thrive by killing the living.
You are immune to poison.
You have sharp fingernails.
Your flesh is cold resistant. (rC+)
You are immune to negative energy. (rN+++)
You do not regenerate when monsters are visible.
You are immune to unholy pain and torment.


Message History

Press: ? - help, v - describe, . - travel
Here: a boulder beetle (rolling)
The floor.
Aiming: Paralyse
Press: ? - help, Shift-Dir - straight line, f - boulder beetle
Aim: a boulder beetle (rolling, chance to affect: 31%)
Okay, then.
Unknown command.
Throw: dart (curare)
Press: ? - help, Q - select action, (/) - cycle Shift-Dir - straight line, f - boulder beetle
Aim: a boulder beetle (rolling, 90% to hit)
You throw a curare-tipped dart.
The curare-tipped dart hits the boulder beetle.
The boulder beetle is poisoned.
The boulder beetle convulses.
The boulder beetle seems to slow down.
The boulder beetle is lightly wounded.
The boulder beetle hits you!!
The boulder beetle stops rolling and uncurls.
You throw a poisoned dart.
The poisoned dart hits the boulder beetle.
The boulder beetle looks even sicker.
The boulder beetle is lightly wounded.
The boulder beetle curls into a ball and begins rolling!
You throw a poisoned dart.
The poisoned dart hits the boulder beetle.
The boulder beetle looks as sick as possible!
The boulder beetle is moderately wounded.
The boulder beetle is no longer moving slowly.
The boulder beetle hits you!!
* * * LOW HITPOINT WARNING * * *
The boulder beetle stops rolling and uncurls.
The boulder beetle curls into a ball and begins rolling!
You are too injured to fight recklessly!
Aiming: Minor Destruction (1% risk of failure)
Press: ? - help, Shift-Dir - straight line, f/p - boulder beetle
Aim: a boulder beetle (heavily wounded, rolling, very poisoned)
The puff of flame hits the boulder beetle but does no damage.
The boulder beetle is heavily wounded.
The boulder beetle hits you!!
You die...

..###...........####
#..#...........##
#..............#
##.........)...#
#..............##
##...............#
#.......((.(...###
#...○°........##
##.@B.........##
#...........###
##########
###........##
.........#
#.###.####
.........# #.# ###
........# #.#
........# ##.#
........### #..#
..........#####.##


You could see a boulder beetle (rolling, very poisoned).

Vanquished Creatures
  Pikel (D:5)
  Grinder (Sewer)
  Prince Ribbit (D:5)
  Eustachio (D:5)
  A water moccasin (D:5)
  2 sky beasts
  An ice beast (D:6)
  3 ogres
  A centaur (D:6)
  A phantom (D:5)
  A lemure (D:5)
  2 bullfrogs
  3 kobold brigands
  A scorpion (D:5)
  A quasit (Sewer)
  2 hounds
  2 jellies
  4 iguanas
  An orc wizard (D:3)
  A river rat (D:4)
  2 adders
  4 shadow imps
  A white imp (D:6)
  2 ufetubi (Sewer)
  2 adder zombies (Sewer)
  A worm (D:4)
  3 dart slugs
  15 orcs
  9 ball pythons
  4 bats
  4 endoplasms
  5 giant cockroaches
  3 goblins
  4 hobgoblins
  2 quokkas
  2 frilled lizards (D:1)
  A giant cockroach zombie (Sewer)
  28 kobolds
  A kobold zombie (Sewer)
  6 rats
130 creatures vanquished.

Vanquished Creatures (others)
  A kobold zombie (Sewer)
  A fungus (D:6)
  2 plants (D:6)
4 creatures vanquished.

Grand Total: 134 creatures vanquished

Notes
Turn   | Place    | Note
-------+----------+-------------------------------------------
     0 | D:1      | siradein the Ghoul Monk began the quest for the Orb.
     0 | D:1      | Reached XP level 1. HP: 19/19 MP: 0/0
    59 | D:1      | Found Runneriz's Antique Armour Shop.
   161 | D:1      | Found Has Wour's Assorted Antiques.
   175 | D:1      | Reached XP level 2. HP: 25/26 MP: 1/1
   203 | D:1      | Found Nuqiorchou's Book Shoppe.
   280 | D:1      | Found Emisef's Jewellery Boutique.
   525 | D:1      | Found a faded altar of an unknown god.
  1092 | D:2      | Reached XP level 3. HP: 33/33 MP: 2/2
  1379 | D:2      | Found Taxar's Magic Scroll Shoppe.
  1398 | D:2      | Bought a scroll of identify for 22 gold pieces
  1482 | D:2      | Found Jyttew's Assorted Antiques.
  1488 | D:2      | Bought a bound glass ring for 120 gold pieces
  1488 | D:2      | Identified the ring of Coho {Drain rPois rF++ MP+9 Stlth+}
                  | (You bought it in a shop on level 2 of the Dungeon)
  2359 | D:3      | Reached XP level 4. HP: 37/40 MP: 3/3
  2707 | D:3      | Found a radiant altar of Vehumet.
  2707 | D:3      | Found an iron altar of Okawaru.
  2868 | D:4      | Found a glowing drain.
  2879 | Sewer    | Entered a sewer
  2905 | Sewer    | Reached XP level 5. HP: 40/47 MP: 4/4
  3260 | Sewer    | Found a burning altar of Makhleb.
  3260 | Sewer    | Noticed a kobold brigand
  3328 | Sewer    | Killed a kobold brigand
  3407 | Sewer    | Noticed a kobold brigand
  3425 | Sewer    | Killed a kobold brigand
  3426 | Sewer    | Reached skill level 5 in Fighting
  3426 | Sewer    | Reached skill level 5 in Unarmed Combat
  3426 | Sewer    | Reached XP level 6. HP: 56/56 MP: 5/5
  3466 | Sewer    | Noticed Grinder
  3487 | Sewer    | Paralysed by Grinder for 2 turns
  3502 | Sewer    | Paralysed by Grinder for 3 turns
  3506 | Sewer    | Killed Grinder
  3507 | Sewer    | Reached XP level 7. HP: 31/61 MP: 6/6
  3687 | Sewer    | Became a worshipper of Makhleb the Destroyer
  3687 | Sewer    | Reached * piety under Makhleb
  3687 | Sewer    | Reached ** piety under Makhleb
  3793 | Sewer    | Identified the ring of Ceurhuy {Fly rC+}
  4277 | D:4      | Reached skill level 1 in Invocations
  4401 | D:4      | You are sucked into a shaft and drop 2 floors!
  4441 | D:6      | Reached skill level 5 in Dodging
  4532 | D:5      | Entered Level 5 of the Dungeon
  4674 | D:5      | Noticed Pikel
  4998 | D:2      | Bought a shiny helmet for 180 gold pieces
  5367 | D:5      | Paralysed by Pikel for 2 turns
  5391 | D:5      | Killed Pikel
  5392 | D:5      | Reached XP level 8. HP: 71/71 MP: 7/9
  5516 | D:5      | Noticed Eustachio
  5570 | D:5      | Killed Eustachio
  5841 | D:5      | Noticed Prince Ribbit
  5869 | D:5      | Reached XP level 9. HP: 44/79 MP: 11/11
  6086 | D:5      | Killed Prince Ribbit
  6108 | D:5      | Found Foopsun's Weapon Shoppe.
  6291 | D:6      | Found a stormy altar of Qazlal.
  6465 | D:6      | Reached skill level 5 in Invocations
  7361 | D:5      | Found Foopsun's Weapon Shoppe.
  7534 | D:6      | Found a blossoming altar of Fedhas.
  8129 | D:7      | Noticed a boulder beetle
  8181 | D:7      | Mangled by a boulder beetle

Illustrated notes

Levels and vault maps discovered:
D:1:      sevenhm_arrival_forest_fort_small_4, layout_loops_ring,
          basic_ecumenical_altar, serial_shops, shop, shop_statue, shop,
          shop_coins, minmay_tiny_reverse_x
D:2:      layout_basic, serial_shops, nicolae_diamond_shop, shop_coins
D:3:      minmay_door_path, layout_loops_corners,
          mainiacjoe_overflow_divided_tiny
D:4:      layout_basic, gup_sewer_entry_bubbles
D:5:      layout_loops_ring, serial_rivers, chequers_serial_rivers_micro_e,
          chequers_serial_rivers_micro_e, chequers_serial_rivers_small_3,
          chequers_serial_rivers_large_a, chequers_serial_rivers_micro_e,
          chequers_serial_rivers_marsh, serial_shops,
          nicolae_shop_hallway_stairs, hangedman_decor_diamond_cutter,
          hangedman_decor_push, grunt_decor_junction, uniq_pikel,
          uniq_prince_ribbit1, uniq_eustachio
D:6:      layout_cave_pools, grunt_temple_overflow_forces_of_nature,
          hangedman_decor_slide_cut
D:7:      layout_cave_pods, minmay_temple_entry_waves, enter_bailey_5

Skill      XL: |  1  2  3  4  5  6  7  8  9 |
---------------+----------------------------+-----
Dodging        | 3 4 5 6 |  6.7
Fighting       | 4 5 6 7 8 |  8.1
Unarmed Combat | 4 5 6 7 8 |  8.1
Invocations    | 3 4 5 |  5.6
Stealth        | |  2.1

Action                   |  1- 3 |  4- 6 |  7- 9 || total
-------------------------+-------+-------+-------++-------
Melee: Unarmed           |    98 |   166 |   135 ||   399
       Punch             |     2 |     4 |     5 ||    11
Throw: Dart              |       |       |     3 ||     3
Invok: Minor Destruction |       |       |   134 ||   134
  Use: Scroll            |     3 |     2 |     2 ||     7
 Stab: Sleeping          |     2 |     3 |       ||     5
Armor: Robe              |    19 |       |       ||    19
       Scale mail        |    22 |    62 |   136 ||   220
Dodge: Dodged            |    37 |    65 |   135 ||   237

Table legend: (Time is in decaauts)
 A = Elapsed time spent in this place.
 B = Non-inter-level travel time spent in this place.
 C = Inter-level travel time spent in this place.
 D = Time resting spent in this place.
 E = Time spent auto-exploring this place.
 F = Levels seen in this place.
 G = Mean time per level.
                   A        B        C        D        E       F      G
               +--------+--------+--------+--------+--------+-----+--------+
         Total |   8178 |   7849 |    329 |    379 |   5894 |   8 | 1022.2 |
       Dungeon |   7183 |   6854 |    329 |    375 |   5203 |   7 | 1026.1 |
         Sewer |    995 |    995 |      0 |      4 |    691 |   1 |  995.0 |
               +--------+--------+--------+--------+--------+-----+--------+

Top non-repeatable levels by time:
     D:5: 2232 daAuts
     D:4: 1048 daAuts
   Sewer: 995 daAuts
     D:3: 975 daAuts
     D:2: 972 daAuts
     D:1: 942 daAuts
     D:6: 834 daAuts
     D:7: 177 daAuts
